Workbook
Name Analis: #REF!
Name Andres123: #REF!
Name CompanyAddress: #REF!
Name CompanyAddress: #REF!
Name CompanyAddress: #REF!
Name CompanyCity: #REF!
Name CompanyCity: #REF!
Name CompanyCity: #REF!
Name CompanyContactsHeader: #REF!
Name CompanyCountry: #REF!
Name CompanyCountry: #REF!
Name CompanyCountry: #REF!
Name CompanyName: #REF!
Name CompanyName: #REF!
Name CompanyName: #REF!
Name CompanyState: #REF!
Name CompanyState: #REF!
Name CompanyState: #REF!
Name CompanyZip: #REF!
Name CompanyZip: #REF!
Name CompanyZip: #REF!
Name curva: "Chart 11"
Name DataDisplayed: "Ejemplo"
Name Slicer_Contact_Type: #N/A
Name tablonx: '[1]BASE DE DATOS'!#REF!
Name tablonx: '[2]Lista de Precios'!#REF!
Name tablonx: '[2]Lista de Precios'!#REF!
Name tablonx: BD!#REF!
Name xt: #REF!

Sheet Presupuesto_OFICIAL
D1: Proyecto:
D2: OPTIMIZACIÓN DE LAS REDES DE ACUEDUCTO Y ALCANTARILLADO UBICADOS EN LA CALLE 6 ENTRE CARRERAS 9 Y 11 - MUNICIPIO DE SANTUARIO RISARALDA
D3: CONSORCIO 2A PM SANTUARIO CONSULTOR
D4: PRESUPUESTO DE OBRA
A6: ITEM Nº | B6: ESPEC | C6: DESCRIPCIÓN | D6: UNIDAD | E6: CANTIDAD | F6: VALOR UNITARIO | G6: VALOR TOTAL
A7: 1 | C7: ACTIVIDADES PRELIMINARES | G7: =SUM(G8:G17) -> 75585059
A8: =+A7+0.1 -> 1.1 | B8: 2-01-01 | C8: =+VLOOKUP(B8,APUS!$B$5:$G$905,3,0) -> Localización y replanteo para pavimentación de vías (3 líneas, 3 instancias) | D8: M | E8: 145.24 | F8: =+VLOOKUP(B8,APUS!$B$5:$G$905,6,0) -> 3943 | G8: =+ROUND(F8*E8,0) -> 572681
A9: =+A8+0.1 -> 1.2 | B9: 2-01-08 | C9: =+VLOOKUP(B9,APUS!$B$5:$G$905,3,0) -> Corte de pavimento rigido con cortadora autopropulsada | D9: M | E9: 12 | F9: =+VLOOKUP(B9,APUS!$B$5:$G$905,6,0) -> 4680 | G9: =+ROUND(F9*E9,0) -> 56160
A10: =+A9+0.1 -> 1.3 | B10: 1-01-19 | C10: =+VLOOKUP(B10,APUS!$B$5:$G$905,3,0) -> Cerramiento provisional con señalizador y tela de cerramiento | D10: M | E10: 363.1 | F10: =+VLOOKUP(B10,APUS!$B$5:$G$905,6,0) -> 8522 | G10: =+ROUND(F10*E10,0) -> 3094338
A11: =+A10+0.1 -> 1.4 | B11: ITE013 | C11: =+VLOOKUP(B11,APUS!$B$5:$G$905,3,0) -> Alquiler de Almacen/Campamento | D11: Mes | E11: 4 | F11: =+VLOOKUP(B11,APUS!$B$5:$G$905,6,0) -> 520020 | G11: =+ROUND(F11*E11,0) -> 2080080
A12: =+A11+0.1 -> 1.5 | C12: =+APUS!D476 -> Acceso Provisional a Viviendas en Madera | D12: m | E12: 45 | F12: =+APUS!G476 -> 21487 | G12: =+ROUND(F12*E12,0) -> 966915
A13: =+A12+0.1 -> 1.6 | C13: =+APUS!D485 -> Puentes Peatonales (2 x 1,5) con Baranda | D13: m | E13: 9 | F13: =+APUS!G485 -> 172982 | G13: =+ROUND(F13*E13,0) -> 1556838
A14: =+A13+0.1 -> 1.7 | C14: Cubierta provisional poletileno Cal 4 y gauadua | D14: m2 | E14: 952.75 | F14: =+APUS!G494 -> 64569 | G14: =+ROUND(F14*E14,0) -> 61518115
A15: =+A14+0.1 -> 1.8 | C15: =+APUS!D505 -> Manejo de Redes de Vitales (Energia) | D15: m | E15: 29.05 | F15: =+APUS!G505 -> 80394 | G15: =+ROUND(F15*E15,0) -> 2335446
A16: =+A15+0.1 -> 1.9 | C16: Manejo redes vitales ( gas) | D16: m | E16: 29.05 | F16: =+APUS!G521 -> 64564 | G16: =+ROUND(F16*E16,0) -> 1875584
A17: 1.1 | C17: Manejo redes vitales (acueducto) | D17: m | E17: 29.05 | F17: =+APUS!G514 -> 52630 | G17: =+ROUND(F17*E17,0) -> 1528902
A18: 2 | C18: DEMOLICIONES | G18: =SUM(G19:G26) -> 81100038
A19: =+A18+0.1 -> 2.1 | B19: 1-02-06 | C19: =+VLOOKUP(B19,APUS!$B$5:$G$905,3,0) -> Demolición en Concreto Simple | D19: M3 | E19: 196.27 | F19: =+VLOOKUP(B19,APUS!$B$5:$G$905,6,0) -> 173698 | G19: =+ROUND(F19*E19,0) -> 34091706
A20: =+A19+0.1 -> 2.2 | B20: 2-01-10 | C20: =+VLOOKUP(B20,APUS!$B$5:$G$905,3,0) -> Demolición cono cámara | D20: Un | E20: 4 | F20: =+VLOOKUP(B20,APUS!$B$5:$G$905,6,0) -> 107484 | G20: =+ROUND(F20*E20,0) -> 429936
A21: =+A20+0.1 -> 2.3 | B21: 2-01-11 | C21: =+VLOOKUP(B21,APUS!$B$5:$G$905,3,0) -> Demolición cuerpo cámara | D21: M | E21: 8 | F21: =+VLOOKUP(B21,APUS!$B$5:$G$905,6,0) -> 179140 | G21: =+ROUND(F21*E21,0) -> 1433120
A22: =+A21+0.1 -> 2.4 | C22: Demolición caja domiciliaria | D22: Un | E22: 8 | F22: =+APUS!G28 -> 75239 | G22: =+ROUND(F22*E22,0) -> 601912
A23: =+A22+0.1 -> 2.5 | B23: 2-01-13 | C23: =+VLOOKUP(B23,APUS!$B$5:$G$905,3,0) -> Demolición sumidero | D23: Un | E23: 6 | F23: =+VLOOKUP(B23,APUS!$B$5:$G$905,6,0) -> 95082 | G23: =+ROUND(F23*E23,0) -> 570492
A24: =+A23+0.1 -> 2.6 | B24: 1-02-07 | C24: =+VLOOKUP(B24,APUS!$B$5:$G$905,3,0) -> Demolición de anden en concreto | D24: M3 | E24: 34.86 | F24: =+VLOOKUP(B24,APUS!$B$5:$G$905,6,0) -> 147642 | G24: =+ROUND(F24*E24,0) -> 5146800
A25: =+A24+0.1 -> 2.7 | B25: 2-01-19 | C25: =+VLOOKUP(B25,APUS!$B$5:$G$905,3,0) -> Desmonte de tubería de alcantarillado hasta 12" | D25: M | E25: 145.24 | F25: =+VLOOKUP(B25,APUS!$B$5:$G$905,6,0) -> 6719 | G25: =+ROUND(F25*E25,0) -> 975868
A26: =+A25+0.1 -> 2.8 | B26: 1-01-11 | C26: =+VLOOKUP(B26,APUS!$B$5:$G$905,3,0) -> Cargue y retiro de material sobrante distancia mayor a 10 km (65,6 km a botadero La Bonita - Pereira Risaralda) | D26: M3 | E26: 263.77 | F26: =+VLOOKUP(B26,APUS!$B$5:$G$905,6,0) -> 143497 | G26: =+ROUND(F26*E26,0) -> 37850204
A27: 3 | C27: EXCAVACIONES Y LLENOS | G27: =SUM(G28:G38) -> 120923573
A28: =+A27+0.01 -> 3.01 | B28: 1-03-01 | C28: Excavación en material común seco de 0 - 2 m manual | D28: M3 | E28: 127.42 | F28: =+VLOOKUP(B28,APUS!$B$5:$G$905,6,0) -> 28773 | G28: =+ROUND(F28*E28,0) -> 3666256
A29: =+A28+0.01 -> 3.02 | B29: 1-03-07 | C29: =+VLOOKUP(B29,APUS!$B$5:$G$905,3,0) -> Excavación en conglomerado seco de 0 - 2 m manual | D29: M3 | E29: 95.57 | F29: =+VLOOKUP(B29,APUS!$B$5:$G$905,6,0) -> 51380 | G29: =+ROUND(F29*E29,0) -> 4910387
A30: =+A29+0.01 -> 3.03 | C30: Excavación en material común seco de 2-4 m manual | D30: M3 | E30: 63.71 | F30: =+APUS!G273 -> 52236 | G30: =+ROUND(F30*E30,0) -> 3327956
A31: =+A30+0.01 -> 3.04 | C31: Excavación en congomerado seco de 2-4 m manual | D31: M3 | E31: 31.86 | F31: =+APUS!G279 -> 93297 | G31: =+ROUND(F31*E31,0) -> 2972442
A32: =+A31+0.01 -> 3.05 | C32: Manejo de aguas en Brechas Excavadas | D32: m | E32: 145.24 | F32: =+APUS!G286 -> 69792 | G32: =+ROUND(F32*E32,0) -> 10136590
A33: =+A32+0.01 -> 3.06 | B33: 1-03-24 | C33: =+VLOOKUP(B33,APUS!$B$5:$G$905,3,0) -> Lleno compactado con material granular | D33: M3 | E33: 318.55 | F33: =+APUS!G293 -> 138903 | G33: =+ROUND(F33*E33,0) -> 44247551
A34: =+A33+0.01 -> 3.07 | B34: 1-03-29 | C34: =+VLOOKUP(B34,APUS!$B$5:$G$905,3,0) -> Lleno con arena para tubería (Brecha de 0,60m de ancho e=0,1 m) | D34: M | E34: 145.24 | F34: =+VLOOKUP(B34,APUS!$B$5:$G$905,6,0) -> 10349 | G34: =+ROUND(F34*E34,0) -> 1503089
A35: =+A34+0.01 -> 3.08 | B35: 2-02-01 | C35: Excavación sin clasificar de la explanación (mecánica) | D35: M3 | E35: 190.55 | F35: =+VLOOKUP(B35,APUS!$B$5:$G$905,6,0) -> 11477 | G35: =+ROUND(F35*E35,0) -> 2186942
A36: =+A35+0.01 -> 3.09 | B36: 2-03-02 | C36: =+VLOOKUP(B36,APUS!$B$5:$G$905,3,0) -> Sub-base granular | D36: M3 | E36: 29.05 | F36: =+APUS!G55 -> 131701 | G36: =+ROUND(F36*E36,0) -> 3825914
A37: =+A36+0.01 -> 3.1 | C37: Base granular tipo INVIAS | D37: M3 | E37: 285.82 | F37: =+APUS!G63 -> 142338 | G37: =+ROUND(F37*E37,0) -> 40683047
A38: =+A37+0.01 -> 3.11 | C38: =+APUS!D72 -> Entibado Preventivo para Excavaciones en Zanja h>1.50 | D38: ml | E38: 58.1 | F38: =+APUS!G72 -> 59611 | G38: =+ROUND(F38*E38,0) -> 3463399
A39: 3 | C39: SUSTITUCIONES | G39: =SUM(G40:G41) -> 6908105
A40: =+A39+0.1 -> 3.1 | C40: Relleno sucio de rio compactado sustitucion flatantes (vacios) | D40: M3 | E40: 2 | F40: =+APUS!G81 -> 85191 | G40: =+ROUND(F40*E40,0) -> 170382
A41: 3.2 | C41: Relleno afirmado compactado sustitucion flatantes (vacios) y andenes | D41: m3 | E41: 78.52 | F41: =+APUS!G90 -> 85809 | G41: =+ROUND(F41*E41,0) -> 6737723
A42: 4 | C42: PAVIMENTOS Y ANDENES | G42: =SUM(G43:G47) -> 201525658
A43: =+A42+0.1 -> 4.1 | B43: 2-05-09 | C43: Pavimento en concreto MR = 4,1 Mpa premezclado, e = 0.20 m, incluye refuerzo, corte con disco y sello de juntas | D43: M2 | E43: 952.75 | F43: =+APUS!G102 -> 142819 | G43: =+ROUND(F43*E43,0) -> 136070802
A44: =+A43+0.1 -> 4.2 | B44: 2-05-16 | C44: =+VLOOKUP(B44,APUS!$B$5:$G$905,3,0) -> Anden en concreto de 20,7 Mpa (3.000 psi) e = 0,10 m | D44: M2 | E44: 348.58 | F44: =+VLOOKUP(B44,APUS!$B$5:$G$905,6,0) -> 81780 | G44: =+ROUND(F44*E44,0) -> 28506872
A45: =+A44+0.1 -> 4.3 | C45: Rampa en concreto de 20,7 Mpa (3.000 psi) e = 0,10 m | D45: M2 | E45: 34.86 | F45: =+APUS!G125 -> 136348 | G45: =+ROUND(F45*E45,0) -> 4753091
A46: =+A45+0.1 -> 4.4 | B46: 2-05-19 | C46: Sardinel en concreto de 20,7 Mpa 0,03 m3/ml, incluye refuerzo, sobre placa | D46: M | E46: 290.48 | F46: =+VLOOKUP(B46,APUS!$B$5:$G$905,6,0) -> 80609 | G46: =+ROUND(F46*E46,0) -> 23415302
A47: =+A46+0.1 -> 4.5 | B47: 2-01-12 | C47: =+VLOOKUP(B47,APUS!$B$5:$G$905,3,0) -> Geotextíl Tejido T2400 | D47: M2 | E47: 952.75 | F47: =+VLOOKUP(B47,APUS!$B$5:$G$905,6,0) -> 9215 | G47: =+ROUND(F47*E47,0) -> 8779591
A48: 5 | C48: ACERO DE REFUERZO | G48: =SUM(G49) -> 16528241
A49: =+A48+0.1 -> 5.1 | B49: G-02-02 | C49: =+VLOOKUP(B49,APUS!$B$5:$G$905,3,0) -> Acero Fy = 60.000 psi d>1/4" | D49: Kg | E49: 2371 | F49: =+VLOOKUP(B49,APUS!$B$5:$G$905,6,0) -> 6971 | G49: =+ROUND(F49*E49,0) -> 16528241
A50: 6 | C50: REDES DE ACUEDUCTO | G50: =SUM(G51:G59) -> 25401330
A51: 6.1 | C51: Retiro accesorios acueducto (valvulas, hidrantes, otros) | D51: un | E51: 15 | F51: =+APUS!G309 -> 57049 | G51: =+ROUND(F51*E51,0) -> 855735
A52: 6.2 | B52: 1-12-24 | C52: =+VLOOKUP(B52,APUS!$B$5:$G$905,3,0) -> Tubería en PVC Ø=3" J.H. Presión de trabajo 200 PSI | D52: M | E52: 145.24 | F52: =+VLOOKUP(B52,APUS!$B$5:$G$905,6,0) -> 26423 | G52: =+ROUND(F52*E52,0) -> 3837677
A53: 6.3 | B53: 1-12-01 | C53: =+VLOOKUP(B53,APUS!$B$5:$G$905,3,0) -> Acometida de acueducto en tubería PALP Ø=1/2" en tubería PVC Ø=3" | D53: Un | E53: 30 | F53: =+VLOOKUP(B53,APUS!$B$5:$G$905,6,0) -> 82810 | G53: =+ROUND(F53*E53,0) -> 2484300
A54: =+A53+0.1 -> 6.4 | B54: 1-12-57 | C54: =+VLOOKUP(B54,APUS!$B$5:$G$905,3,0) -> Caja de protección de medidor con tapa en polipropileno | D54: Un | E54: 30 | F54: =+VLOOKUP(B54,APUS!$B$5:$G$905,6,0) -> 129007 | G54: =+ROUND(F54*E54,0) -> 3870210
A55: 6.5 | B55: 1-12-42 | C55: =+VLOOKUP(B55,APUS!$B$5:$G$905,3,0) -> Válvula de compuerta Ø=3" J.H. E.L. | D55: Un | E55: 2 | F55: =+VLOOKUP(B55,APUS!$B$5:$G$905,6,0) -> 702167 | G55: =+ROUND(F55*E55,0) -> 1404334
A56: 6.6 | B56: ITE002 | C56: =+VLOOKUP(B56,APUS!$B$5:$G$905,3,0) -> Caja para válvulas tipo N° 1 en zona verde o en pavimento, con dado en concreto de 0,60 x 0,60 Esp=0,20 mts. Incluye acero, tapa en HD 21x21 | D56: Un | E56: 2 | F56: =+VLOOKUP(B56,APUS!$B$5:$G$905,6,0) -> 619920 | G56: =+ROUND(F56*E56,0) -> 1239840
A57: 6.7 | B57: 1-12-54 | C57: =+VLOOKUP(B57,APUS!$B$5:$G$905,3,0) -> Hidrante tipo Milán de 3" extremo brida, incluye válvula sello de bronce y kit de nivelación | D57: Un | E57: 2 | F57: =+VLOOKUP(B57,APUS!$B$5:$G$905,6,0) -> 3884502 | G57: =+ROUND(F57*E57,0) -> 7769004
A58: 6.8 | B58: ITE005 | C58: =+VLOOKUP(B58,APUS!$B$5:$G$905,3,0) -> Unión universal en HD R1 Ø=3" | D58: Un | E58: 2 | F58: =+VLOOKUP(B58,APUS!$B$5:$G$905,6,0) -> 159685 | G58: =+ROUND(F58*E58,0) -> 319370
A59: 6.9 | B59: ITE006 | C59: =+VLOOKUP(B59,APUS!$B$5:$G$905,3,0) -> Concreto para silletas, atraques y anclajes (concreto 20,7 Mpa) | D59: M3 | E59: 5 | F59: =+VLOOKUP(B59,APUS!$B$5:$G$905,6,0) -> 724172 | G59: =+ROUND(F59*E59,0) -> 3620860
A60: 7 | C60: REDES DE ALCANTARILLADO | G60: =SUM(G61:G72) -> 80383627
A61: =+A60+0.1 -> 7.1 | B61: 1-13-45 | C61: =+APUS!D392 -> Tubería PVC de alcantarillado de pared estructural d = 16", exterior corrugado | D61: M | E61: 145.24 | F61: =+APUS!G392 -> 163940 | G61: =+ROUND(F61*E61,0) -> 23810646
A62: =+A61+0.1 -> 7.2 | B62: 1-13-42 | C62: =+VLOOKUP(B62,APUS!$B$5:$G$905,3,0) -> Tubería PVC Corrugado 160 mm | D62: M | E62: 180 | F62: =+VLOOKUP(B62,APUS!$B$5:$G$905,6,0) -> 34250 | G62: =+ROUND(F62*E62,0) -> 6165000
A63: =+A62+0.1 -> 7.3 | B63: 1-13-52 | C63: =+VLOOKUP(B63,APUS!$B$5:$G$905,3,0) -> Silla Yee Pvc de pared estructural 400X160 | D63: Un | E63: 30 | F63: =+VLOOKUP(B63,APUS!$B$5:$G$905,6,0) -> 288846 | G63: =+ROUND(F63*E63,0) -> 8665380
A64: =+A63+0.1 -> 7.4 | B64: 2-06-07 | C64: =+VLOOKUP(B64,APUS!$B$5:$G$905,3,0) -> Base y cañuela para cámara de inspección d = 1,20 m en concreto de 20,7 Mpa | D64: Un | E64: 4 | F64: =+VLOOKUP(B64,APUS!$B$5:$G$905,6,0) -> 503402 | G64: =+ROUND(F64*E64,0) -> 2013608
A65: =+A64+0.1 -> 7.5 | B65: 2-06-08 | C65: =+VLOOKUP(B65,APUS!$B$5:$G$905,3,0) -> Cuerpo para cámara de inspección d = 1,20 m, en concreto de 20,7 Mpa, no incluye refuerzo | D65: M | E65: 8 | F65: =+VLOOKUP(B65,APUS!$B$5:$G$905,6,0) -> 653949 | G65: =+ROUND(F65*E65,0) -> 5231592
A66: =+A65+0.1 -> 7.6 | B66: 2-06-09 | C66: =+VLOOKUP(B66,APUS!$B$5:$G$905,3,0) -> Cono para cámara de inspección d = 1,20 m, en concreto de 20,7 Mpa, incluye refuerzo | D66: Un | E66: 4 | F66: =+VLOOKUP(B66,APUS!$B$5:$G$905,6,0) -> 521348 | G66: =+ROUND(F66*E66,0) -> 2085392
A67: =+A66+0.1 -> 7.7 | B67: 1-04-14 | C67: =+VLOOKUP(B67,APUS!$B$5:$G$905,3,0) -> Losa para cámaras de inspección Øinterior 1,20 mts e=0,20mts. Concreto 24 Mpa. Incluye 64 kg de acero de refuerzo para tapa metálica | D67: Un | E67: 4 | F67: =+VLOOKUP(B67,APUS!$B$5:$G$905,6,0) -> 1081292 | G67: =+ROUND(F67*E67,0) -> 4325168
A68: =+A67+0.1 -> 7.8 | B68: 2-06-11 | C68: =+VLOOKUP(B68,APUS!$B$5:$G$905,3,0)&"HD, + kit seguridad y anti ruidao" -> Tapa en H. F. de 90 kg con cuello en concreto de 20,7 Mpa d = 0,60 m HD, + kit seguridad y anti ruidao | D68: Un | E68: 4 | F68: =+VLOOKUP(B68,APUS!$B$5:$G$905,6,0) -> 741010 | G68: =+ROUND(F68*E68,0) -> 2964040
A69: =+A68+0.1 -> 7.9 | C69: Peldaños acero D3/4 incluye anticorrosivio | D69: Un | E69: 23 | F69: =+APUS!G184 -> 50259 | G69: =+ROUND(F69*E69,0) -> 1155957
A70: 7.1 | B70: 2-06-12 | C70: =+VLOOKUP(B70,APUS!$B$5:$G$905,3,0)&" reja 70x50" -> Sumidero en concreto de 20,7 Mpa, incluye reja con anticorrosivo reja 70x50 | D70: Un | E70: 6 | F70: =+VLOOKUP(B70,APUS!$B$5:$G$905,6,0) -> 1283100 | G70: =+ROUND(F70*E70,0) -> 7698600
A71: 7.11 | C71: Sumidero transversal concretro 24 Mpa, incluye rejas50x70 | D71: m | E71: 24 | F71: =+APUS!G201 -> 620969 | G71: =+ROUND(F71*E71,0) -> 14903256
A72: 7.12 | B72: ITE007 | C72: =+VLOOKUP(B72,APUS!$B$5:$G$905,3,0) -> Empalme de redes de alcantarillado a cámara existente | D72: Un | E72: 12 | F72: =+VLOOKUP(B72,APUS!$B$5:$G$905,6,0) -> 113749 | G72: =+ROUND(F72*E72,0) -> 1364988
A73: 8 | C73: SEÑALIZACIÓN Y SEGURIDAD VIAL | G73: =SUM(G74:G79) -> 29215097
A74: =+A73+0.1 -> 8.1 | B74: 2-07-01 | C74: Defensa vial, incluye terminales y capta faros | D74: M | E74: 12 | F74: =+VLOOKUP(B74,APUS!$B$5:$G$905,6,0) -> 214973 | G74: =+ROUND(F74*E74,0) -> 2579676
A75: =+A74+0.1 -> 8.2 | B75: 2-07-04 | C75: Señal vertical de 0,90 m (con cinta reflectiva) | D75: Un | E75: 6 | F75: =+VLOOKUP(B75,APUS!$B$5:$G$905,6,0) -> 451477 | G75: =+ROUND(F75*E75,0) -> 2708862
A76: =+A75+0.1 -> 8.3 | B76: 2-07-05 | C76: Líneas de demarcación vial pintura en frío | D76: M | E76: 282.08 | F76: =+VLOOKUP(B76,APUS!$B$5:$G$905,6,0) -> 2315 | G76: =+ROUND(F76*E76,0) -> 653015
A77: =+A76+0.1 -> 8.4 | B77: 2-07-06 | C77: Marcas viales | D77: M2 | E77: 6 | F77: =+VLOOKUP(B77,APUS!$B$5:$G$905,6,0) -> 25205 | G77: =+ROUND(F77*E77,0) -> 151230
A78: =+A77+0.1 -> 8.5 | B78: 2-07-07 | C78: Paleteros | D78: Jr | E78: 360 | F78: =+APUS!G441 -> 64050 | G78: =+ROUND(F78*E78,0) -> 23058000
A79: =+A78+0.1 -> 8.6 | B79: 2-07-08 | C79: Tacha reflectiva unidireccional incluye suministro e instalación | D79: Un | E79: 6 | F79: =+VLOOKUP(B79,APUS!$B$5:$G$905,6,0) -> 10719 | G79: =+ROUND(F79*E79,0) -> 64314
A80: 9 | C80: IMPLEMENTACIÓN DEL PLAN DE APLICACIÓN DEL PROTOCOLO SANITARIO PARA LA OBRA (PAPSO) | G80: =SUM(G81:G83) -> 23268656
A81: 9.1 | B81: ITE009 | C81: =+VLOOKUP(B81,APUS!$B$5:$G$905,3,0) -> Puntos de hidratación en perfectas condiciones de higiene y limpieza | D81: Mes | E81: 4 | F81: =+VLOOKUP(B81,APUS!$B$5:$G$905,6,0) -> 650529 | G81: =+ROUND(F81*E81,0) -> 2602116
A82: 9.2 | B82: ITE010 | C82: =+VLOOKUP(B82,APUS!$B$5:$G$905,3,0) -> Suministro y reposición de los elementos de desinfección para la obra | D82: Mes | E82: 4 | F82: =+VLOOKUP(B82,APUS!$B$5:$G$905,6,0) -> 1981635 | G82: =+ROUND(F82*E82,0) -> 7926540
A83: 9.3 | B83: ITE012 | C83: =+VLOOKUP(B83,APUS!$B$5:$G$905,3,0) -> Adecuación de areas bioseguras para descontaminación. Incluye termometro, lavamanos portatiles, botiquin, señalización interna y externa, canecas de pedal, lavado y desinfección de areas y adecuación zonas de desifección | D83: Un | E83: 4 | F83: =+VLOOKUP(B83,APUS!$B$5:$G$905,6,0) -> 3185000 | G83: =+ROUND(F83*E83,0) -> 12740000
C85: TOTAL COSTO DIRECTO | G85: =SUM(G6:G83)/2 -> 660839384
C86: AU | F86: 0.41986992 | G86: =ROUND((G85*F86),0) -> 277466577
C87: PRESUPUESTO TOTAL | G87: =+G85+G86 -> 938305961
C88: INTERVENTORIA | F88: =+Interventoria!E49 -> 0 | G88: =ROUND(G87*F88,0) -> 0
C89: PRESUPUESTO TOTAL CON INTERVENTORIA | G89: =+G87+G88 -> 938305961
B94: Proyectó:
B95: ARLEX DAVID CASTRILLON LONDOÑO | D95: ANA MARIA ARCILA RAMIREZ
B96: Ingeniero Civil | D96: Directora Area Técnica
B97: Aguas y Aseo de Risaralda S.A. E.S.P. | D97: Aguas y Aseo de Risaralda S.A. E.S.P.

Sheet APUS
D1: =+Presupuesto_OFICIAL!D2 -> OPTIMIZACIÓN DE LAS REDES DE ACUEDUCTO Y ALCANTARILLADO UBICADOS EN LA CALLE 6 ENTRE CARRERAS 9 Y 11 - MUNICIPIO DE SANTUARIO RISARALDA
B3: ITEM | C3: CÓDIGO | D3: DESCRIPCIÓN | E3: UND | F3: CANT. | G3: VALOR UNITARIO | H3: RENDIMIENTO, USOS, DESPEDICIOS | I3: VALOR PARCIAL
B5: 2-01-01 | D5: Localización y replanteo para pavimentación de vías (3 líneas, 3 instancias) | E5: M | G5: =ROUND(SUM(I6:I11),0) -> 3943
B6: MATERIALES | C6: MAT,334 | D6: =+VLOOKUP(C6,BD!$A$29:$E$877,2,0) -> Puntilla de 3" | E6: Lb | F6: 0.02 | G6: =VLOOKUP(C6,BD!$A$29:$E$877,5,0) -> 3424 | H6: 0 | I6: =ROUND((F6*G6),0) -> 68
C7: MAT,176 | D7: =+VLOOKUP(C7,BD!$A$29:$E$877,2,0) -> Guadua basa longitud promedio = 5 m | E7: Un | F7: 0.02 | G7: =VLOOKUP(C7,BD!$A$29:$E$877,5,0) -> 6420 | H7: =1/3 -> 0.33333333 | I7: =ROUND((F7*G7*H7),0) -> 43
C8: MAT,116 | D8: =+VLOOKUP(C8,BD!$A$29:$E$877,2,0) -> Cuartón de sajo 2" x 4" x 2,9 m | E8: M | F8: 0.1 | G8: =VLOOKUP(C8,BD!$A$29:$E$877,5,0) -> 4494 | H8: =1/3 -> 0.33333333 | I8: =ROUND((F8*G8*H8),0) -> 150
C9: MAT,222 | D9: =+VLOOKUP(C9,BD!$A$29:$E$877,2,0) -> Listón sajo de 5 x 3 cm x 2,5 m (varilla) | E9: M | F9: 0.1 | G9: =VLOOKUP(C9,BD!$A$29:$E$877,5,0) -> 2675 | H9: =1/3 -> 0.33333333 | I9: =ROUND((F9*G9*H9),0) -> 89
B10: M . O | C10: MOB010 | D10: Comisión topografía (topógrafo + Cadenero 1 + 2 Cadeneros 2) | E10: Día | F10: 1 | G10: =+VLOOKUP(D10,MO!$B$33:$F$79,5,0) -> 397158 | H10: =1/140 -> 0.0071428571 | I10: =ROUND((F10*G10*H10),0) -> 2837
B11: EQUIPO | C11: EQU011 | D11: =+VLOOKUP(C11,BD!$A$29:$E$877,2,0) -> Equipo completo de topografía | E11: Día | F11: 1 | G11: =VLOOKUP(C11,BD!$A$29:$E$877,5,0) -> 105876.5 | H11: =1/140 -> 0.0071428571 | I11: =ROUND((F11*G11*H11),0) -> 756
B12: ITE013 | D12: Alquiler de Almacen/Campamento | E12: Mes | G12: =ROUND(SUM(I13:I14),0) -> 520020
B13: MATERIALES | C13: MAT,999 | D13: Alquiler Almacen/Campamento | E13: Mes | F13: 1 | G13: =VLOOKUP(C13,BD!$A$29:$E$877,5,0) -> 400180 | H13: 1 | I13: =ROUND((F13*G13),0) -> 400180
C14: MAT,1000 | D14: Servicios Públicos | E14: Mes | F14: 1 | G14: =VLOOKUP(C14,BD!$A$29:$E$877,5,0) -> 119840 | H14: 1 | I14: =ROUND((F14*G14*H14),0) -> 119840
B15: 2-01-08 | D15: Corte de pavimento rigido con cortadora autopropulsada | E15: M | G15: =ROUND(SUM(I16:I19),0) -> 4680
B16: MATERIALES | C16: MAT,027 | D16: =+VLOOKUP(C16,BD!$A$29:$E$877,2,0) -> Agua | E16: Lt | F16: 1 | G16: =VLOOKUP(C16,BD!$A$29:$E$877,5,0) -> 12.84 | H16: =1 -> 1 | I16: =ROUND((F16*G16*H16),0) -> 13
C17: MAT,153 | D17: =+VLOOKUP(C17,BD!$A$29:$E$877,2,0) -> Gasolina | E17: Gl | F17: 1 | G17: =VLOOKUP(C17,BD!$A$29:$E$877,5,0) -> 10191.75 | H17: =1/70 -> 0.014285714 | I17: =ROUND((F17*G17*H17),0) -> 146
B18: M . O | C18: MOB004 | D18: Ayudante práctico (jornal + prestaciones) | E18: Día | F18: 1 | G18: =+VLOOKUP(D18,MO!$B$33:$F$79,5,0) -> 82680 | H18: =1/45 -> 0.022222222 | I18: =ROUND((F18*G18*H18),0) -> 1837
B19: EQUIPO | C19: EQU031 | D19: =+VLOOKUP(C19,BD!$A$29:$E$877,2,0) -> Cortadora de concreto con disco | E19: Día | F19: 1 | G19: =VLOOKUP(C19,BD!$A$29:$E$877,5,0) -> 120798.72 | H19: =1/45 -> 0.022222222 | I19: =ROUND((F19*G19*H19),0) -> 2684
B20: 2-01-10 | D20: Demolición cono cámara | E20: Un | G20: =ROUND(SUM(I20:I23),0) -> 107484
B21: M . O | C21: MOB003 | D21: Ayudante práctico (jornal + prestaciones) | E21: Día | F21: 1 | G21: =+VLOOKUP(D21,MO!$B$33:$F$79,5,0) -> 82680 | H21: =1 -> 1 | I21: =ROUND((F21*G21*H21),0) -> 82680
C22: MOB011 | D22: Acarreo horizontal | E22: %MO | F22: 0.1 | G22: =+I21 -> 82680 | H22: 0 | I22: =ROUND((F22*G22),0) -> 8268
B23: EQUIPO | C23: EQU002 | D23: Herramienta menor (% mano obra) | E23: %MO | F23: 0.2 | G23: =I21 -> 82680 | H23: 0 | I23: =ROUND((F23*G23),0) -> 16536
B24: 2-01-11 | D24: Demolición cuerpo cámara | E24: M | G24: =ROUND(SUM(I24:I27),0) -> 179140
B25: M . O | C25: MOB003 | D25: Ayudante práctico (jornal + prestaciones) | E25: Día | F25: 1 | G25: =+VLOOKUP(D25,MO!$B$33:$F$79,5,0) -> 82680 | H25: =1/0.6 -> 1.6666667 | I25: =ROUND((F25*G25*H25),0) -> 137800
C26: MOB011 | D26: Acarreo horizontal | E26: %MO | F26: 0.1 | G26: =I25 -> 137800 | H26: 0 | I26: =ROUND((F26*G26),0) -> 13780
B27: EQUIPO | C27: EQU002 | D27: Herramienta menor (% mano obra) | E27: %MO | F27: 0.2 | G27: =I25 -> 137800 | H27: 0 | I27: =ROUND((F27*G27),0) -> 27560
B28: 2-01-11 | D28: Demolición Caja Domiciliaria | E28: und | G28: =ROUND(SUM(I28:I31),0) -> 75239
B29: M . O | C29: MOB003 | D29: Ayudante práctico (jornal + prestaciones) | E29: Día | F29: 1 | G29: =+VLOOKUP(D29,MO!$B$33:$F$79,5,0) -> 82680 | H29: 0.7 | I29: =ROUND((F29*G29*H29),0) -> 57876
C30: MOB011 | D30: Acarreo horizontal | E30: %MO | F30: 0.1 | G30: =I29 -> 57876 | H30: 0 | I30: =ROUND((F30*G30),0) -> 5788
B31: EQUIPO | C31: EQU002 | D31: Herramienta menor (% mano obra) | E31: %MO | F31: 0.2 | G31: =I29 -> 57876 | H31: 0 | I31: =ROUND((F31*G31),0) -> 11575
B33: 2-01-13 | D33: Demolición sumidero | E33: Un | G33: =ROUND(SUM(I34:I35),0) -> 95082
B34: M . O | C34: MOB003 | D34: Ayudante práctico (jornal + prestaciones) | E34: Día | F34: 1 | G34: =+VLOOKUP(D34,MO!$B$33:$F$79,5,0) -> 82680 | H34: =1/1 -> 1 | I34: =ROUND((F34*G34*H34),0) -> 82680
B35: EQUIPO | C35: EQU002 | D35: Herramienta menor (% mano obra) | E35: %MO | F35: 0.15 | G35: =I34 -> 82680 | H35: 0 | I35: =ROUND((F35*G35),0) -> 12402
B36: 1-02-07 | D36: Demolición de anden en concreto | E36: M3 | G36: =ROUND(SUM(I36:I39),0) -> 147642
B37: M . O | C37: MOB018 | D37: Cuadrilla H 4 Ay (jornal + prestaciones) | E37: Día | F37: 1 | G37: =+VLOOKUP(D37,MO!$B$33:$F$79,5,0) -> 236228 | H37: =1/2 -> 0.5 | I37: =ROUND((F37*G37*H37),0) -> 118114
C38: MOB011 | D38: Acarreo horizontal | E38: %MO | F38: 0.1 | G38: =I37 -> 118114 | H38: 0 | I38: =ROUND((F38*G38),0) -> 11811
B39: EQUIPO | C39: EQU002 | D39: Herramienta menor (% mano obra) | E39: %MO | F39: 0.15 | G39: =I37 -> 118114 | H39: 0 | I39: =ROUND((F39*G39),0) -> 17717
B40: 1-02-06 | D40: Demolición en Concreto Simple | E40: M3 | G40: =ROUND(SUM(I40:I43),0) -> 173698
B41: MANO DE OBRA | C41: MOB018 | D41: Cuadrilla H 4 Ay (jornal + prestaciones) | E41: Día | F41: 1 | G41: 236228 | H41: =1/1.7 -> 0.58823529 | I41: =ROUND((F41*G41*H41),0) -> 138958
C42: MOB011 | D42: Acarreo horizontal | E42: %MO | F42: 0.1 | G42: 138958 | H42: 0 | I42: =ROUND((F42*G42),0) -> 13896
B43: EQUIPO | C43: EQU002 | D43: Herramienta menor (% mano obra) | E43: %MO | F43: 0.15 | G43: 138958 | H43: 0 | I43: =ROUND((F43*G43),0) -> 20844
B44: 1-02-06 | D44: Demolición manual de Pavimento Rígido | E44: M3 | G44: =ROUND(SUM(I44:I47),0) -> 147642
B45: M . O | C45: MOB018 | D45: Cuadrilla H 4 Ay (jornal + prestaciones) | E45: Día | F45: 1 | G45: =+VLOOKUP(D45,MO!$B$33:$F$79,5,0) -> 236228 | H45: =1/2 -> 0.5 | I45: =ROUND((F45*G45*H45),0) -> 118114
C46: MOB011 | D46: Acarreo horizontal | E46: %MO | F46: 0.1 | G46: =I45 -> 118114 | H46: 0 | I46: =ROUND((F46*G46),0) -> 11811
B47: EQUIPO | C47: EQU002 | D47: Herramienta menor (% mano obra) | E47: %MO | F47: 0.15 | G47: =I45 -> 118114 | H47: 0 | I47: =ROUND((F47*G47),0) -> 17717
B48: 2-02-01 | D48: Excavación sin clasificar de la explanación (mecánica) | E48: M3 | G48: =ROUND(SUM(I48:I54),0) -> 11477
B49: ITEMS | C49: G-03-02 | D49: =+VLOOKUP(C49,$B$5:$G$501,3,0) -> Transporte maquinaría pesada | E49: Km | F49: 30 | G49: =+VLOOKUP(C49,$B$5:$G$501,6,0) -> 26750 | H49: =1/500 -> 0.002 | I49: =ROUND((F49*G49*H49),0) -> 1605
C50: G-03-05 | D50: =+VLOOKUP(C50,$B$5:$G$501,3,0) -> Disposición en botadero | E50: m3 | F50: 1 | G50: =+VLOOKUP(C50,$B$5:$G$501,6,0) -> 2500 | H50: 1 | I50: =ROUND((F50*G50*H50),0) -> 2500
B51: M . O | C51: MOB003 | D51: Ayudante práctico (jornal + prestaciones) | E51: Día | F51: 1 | G51: =+VLOOKUP(D51,MO!$B$33:$F$79,5,0) -> 82680 | H51: =1/500 -> 0.002 | I51: =ROUND((F51*G51*H51),0) -> 165
B52: EQUIPO | C52: EQU024 | D52: =+VLOOKUP(C52,BD!$A$29:$E$877,2,0) -> Retroexcavadora de orugas capacidad 0,9 M3 | E52: Hr | F52: 1 | G52: =VLOOKUP(C52,BD!$A$29:$E$877,5,0) -> 178262 | H52: =1/60 -> 0.016666667 | I52: =ROUND((F52*G52*H52),0) -> 2971
C53: EQU004 | D53: =+VLOOKUP(C53,BD!$A$29:$E$877,2,0) -> Buldózer D65-8 | E53: Hr | F53: 1 | G53: =VLOOKUP(C53,BD!$A$29:$E$877,5,0) -> 211423.44 | H53: =1/50 -> 0.02 | I53: =ROUND((F53*G53*H53),0) -> 4228
C54: EQU002 | D54: Herramienta menor (% mano obra) | E54: %MO | F54: 0.05 | G54: =I51 -> 165 | H54: 0 | I54: =ROUND((F54*G54),0) -> 8
B55: 2-03-02 | D55: Sub-base granular | E55: M3 | G55: =ROUND(SUM(I55:I62),0) -> 131701
B56: MATERIALES | C56: MAT,249 | D56: =+VLOOKUP(C56,BD!$A$29:$E$877,2,0) -> Material de sub-base granular tipo Invías | E56: M3 | F56: 1 | G56: 77000 | H56: 1.25 | I56: =ROUND((F56*G56*H56),0) -> 96250
C57: MAT,027 | D57: =+VLOOKUP(C57,BD!$A$29:$E$877,2,0) -> Agua | E57: Lt | F57: 24 | G57: =VLOOKUP(C57,BD!$A$29:$E$877,5,0) -> 12.84 | H57: 1 | I57: =ROUND((F57*G57*H57),0) -> 308
B58: M . O | C58: MOB017 | D58: Cuadrilla G 1 Of + 2 Ay (jornal + prestaciones) | E58: Día | F58: 1 | G58: =+VLOOKUP(D58,MO!$B$33:$F$79,5,0) -> 224417 | H58: 0.066666667 | I58: =ROUND((F58*G58*H58),0) -> 14961
B59: EQUIPO | C59: EQU008 | D59: =+VLOOKUP(C59,BD!$A$29:$E$877,2,0) -> Motoniveladora | E59: Hr | F59: 1 | G59: =VLOOKUP(C59,BD!$A$29:$E$877,5,0) -> 154900.69 | H59: 0.066666667 | I59: =ROUND((F59*G59*H59),0) -> 10327
C60: EQU013 | D60: =+VLOOKUP(C60,BD!$A$29:$E$877,2,0) -> Cilindro compactador vibratorio Dynapac y tractor | E60: Hr | F60: 1 | G60: =VLOOKUP(C60,BD!$A$29:$E$877,5,0) -> 85600 | H60: 0.066666667 | I60: =ROUND((F60*G60*H60),0) -> 5707
C61: EQU023 | D61: =+VLOOKUP(C61,BD!$A$29:$E$877,2,0) -> Carrotanque agua | E61: Hr | F61: 1 | G61: =VLOOKUP(C61,BD!$A$29:$E$877,5,0) -> 51003.69 | H61: 0.066666667 | I61: =ROUND((F61*G61*H61),0) -> 3400
C62: EQU002 | D62: Herramienta menor (% mano obra) | E62: %MO | F62: 0.05 | G62: =I58 -> 14961 | H62: 0 | I62: =ROUND((F62*G62),0) -> 748
D63: Base Granular Tipo Invias | E63: M3 | G63: =ROUND(SUM(I63:I71),0) -> 142338
B64: MATERIALES | C64: MAT,249 | D64: =+VLOOKUP(C64,BD!$A$29:$E$877,2,0) -> Material de sub-base granular tipo Invías | E64: M3 | F64: 1 | G64: 84000 | H64: 1.25 | I64: =ROUND((F64*G64*H64),0) -> 105000
C65: MAT,027 | D65: =+VLOOKUP(C65,BD!$A$29:$E$877,2,0) -> Agua | E65: Lt | F65: 24 | G65: =VLOOKUP(C65,BD!$A$29:$E$877,5,0) -> 12.84 | H65: 1 | I65: =ROUND((F65*G65*H65),0) -> 308
C66: G-03-01 | D66: =+VLOOKUP(C66,$B$5:$G$494,3,0) -> Transporte material (corte, sub-base, base, afirmado, Petreos, arenas, etc) | E66: Km | F66: 1 | G66: =+VLOOKUP(C66,$B$5:$G$494,6,0) -> 1887 | I66: =ROUND((F66*G66*H66),0) -> 0
B67: M . O | C67: MOB017 | D67: Cuadrilla G 1 Of + 2 Ay (jornal + prestaciones) | E67: Día | F67: 1 | G67: =+VLOOKUP(D67,MO!$B$33:$F$79,5,0) -> 224417 | H67: 0.077414018 | I67: =ROUND((F67*G67*H67),0) -> 17373
B68: EQUIPO | C68: EQU008 | D68: =+VLOOKUP(C68,BD!$A$29:$E$877,2,0) -> Motoniveladora | E68: Hr | F68: 1 | G68: =VLOOKUP(C68,BD!$A$29:$E$877,5,0) -> 154900.69 | H68: 0.062499809 | I68: =ROUND((F68*G68*H68),0) -> 9681
C69: EQU013 | D69: =+VLOOKUP(C69,BD!$A$29:$E$877,2,0) -> Cilindro compactador vibratorio Dynapac y tractor | E69: Hr | F69: 1 | G69: =VLOOKUP(C69,BD!$A$29:$E$877,5,0) -> 85600 | H69: 0.066666667 | I69: =ROUND((F69*G69*H69),0) -> 5707
C70: EQU023 | D70: =+VLOOKUP(C70,BD!$A$29:$E$877,2,0) -> Carrotanque agua | E70: Hr | F70: 1 | G70: =VLOOKUP(C70,BD!$A$29:$E$877,5,0) -> 51003.69 | H70: 0.066666667 | I70: =ROUND((F70*G70*H70),0) -> 3400
C71: EQU002 | D71: Herramienta menor (% mano obra) | E71: %MO | F71: 0.05 | G71: =I67 -> 17373 | H71: 0 | I71: =ROUND((F71*G71),0) -> 869
B72: 2-03-02 | D72: Entibado Preventivo para Excavaciones en Zanja h>1.50 | E72: m2 | G72: =ROUND(SUM(I72:I79),0) -> 59611
B73: MATERIALES | D73: Telera común cepillada 3,00 x 0,20 x 0,04 mts | E73: un | F73: 0.667 | G73: 16089 | H73: 1.05 | I73: =ROUND((F73*G73*H73),0) -> 11268
D74: Cuartón común cepillado 3,00 x 0,08 x 0,04 mts | E74: un | F74: 0.667 | G74: 6188 | H74: 1.05 | I74: =ROUND((F74*G74*H74),0) -> 4334
D75: Varillón común 3,00 x 0,04 x 0,02 mts | E75: un | F75: 0.5 | G75: 1485 | H75: 1.05 | I75: =ROUND((F75*G75*H75),0) -> 780
D76: Puntilla 3" y 3 1/2" | E76: lb | F76: 2 | G76: 2288 | H76: 1 | I76: =ROUND((F76*G76*H76),0) -> 4576
D77: Guadua sobrebasa L=3.2 m | E77: un | F77: 0.5 | G77: 3094 | H77: 1.05 | I77: =ROUND((F77*G77*H77),0) -> 1624
B78: M . O | C78: MOB017 | D78: Cuadrilla G 1 Of + 2 Ay (jornal + prestaciones) | E78: Día | F78: 1 | G78: =+VLOOKUP(D78,MO!$B$33:$F$79,5,0) -> 224417 | H78: 0.15 | I78: =ROUND((F78*G78*H78),0) -> 33663
C79: EQU002 | D79: Herramienta menor (% mano obra) | E79: %MO | F79: 0.1 | G79: =I78 -> 33663 | H79: 1 | I79: =ROUND((F79*G79*H79),0) -> 3366
D81: =+Presupuesto_OFICIAL!C40 -> Relleno sucio de rio compactado sustitucion flatantes (vacios) | E81: M3 | G81: =ROUND(SUM(I81:I88),0) -> 85191
C82: MAT,026 | D82: Sucio de Rio | E82: M3 | F82: 1 | G82: 43791.634 | H82: 1.3 | I82: =ROUND((F82*G82*H82),0) -> 56929
C83: MAT,027 | D83: Agua | E83: Lt | F83: 30 | G83: 13.13749 | H83: 0 | I83: =ROUND((F83*G83),0) -> 394
B84: MANO DE OBRA | C84: MOB013 | D84: Cuadrilla A 1 Of + 4 Ay (jornal + prestaciones) | E84: Día | F84: 1 | G84: =+MO!F51 -> 342531 | H84: 0.05 | I84: =ROUND((F84*G84*H84),0) -> 17127
C85: MOB011 | D85: Acarreo horizontal | E85: %MO | F85: 0.1 | G85: =+I84 -> 17127 | H85: 0 | I85: =ROUND((F85*G85),0) -> 1713
B86: EQUIPO | C86: EQU002 | D86: Herramienta menor (% mano obra) | E86: %MO | F86: 0.1 | G86: =+I84 -> 17127 | H86: 0 | I86: =ROUND((F86*G86),0) -> 1713
C87: EQU012 | D87: Vibrocompactador manual | E87: Día | F87: 1 | G87: 40507.261 | H87: 0.1 | I87: =ROUND((F87*G87*H87),0) -> 4051
B88: ENSAYOS | C88: ESY002 | D88: Toma de densidades | E88: Un | F88: 0.025 | G88: 130574.61 | H88: 0 | I88: =ROUND((F88*G88),0) -> 3264
B90: 1-03-25 | D90: =+Presupuesto_OFICIAL!C41 -> Relleno afirmado compactado sustitucion flatantes (vacios) y andenes | E90: M3 | G90: =ROUND(SUM(I90:I96),0) -> 85809
B91: MAT | C91: MAT,026 | D91: Afirmado | E91: M3 | F91: 1 | G91: 43791.634 | H91: 1.3 | I91: =ROUND((F91*G91*H91),0) -> 56929
B92: MANO DE OBRA | C92: MOB005 | D92: Cuadrilla A 1 Of + 4 Ay (jornal + prestaciones) | E92: Día | F92: 1 | G92: =+MO!F51 -> 342531 | H92: 0.05 | I92: =ROUND((F92*G92*H92),0) -> 17127
C93: MOB011 | D93: Acarreo horizontal | E93: %MO | F93: 0.1 | G93: 17127 | H93: 0 | I93: =ROUND((F93*G93),0) -> 1713
B94: EQUIPO | C94: EQU002 | D94: Herramienta menor (% mano obra) | E94: %MO | F94: 0.1 | G94: 17127 | H94: 0 | I94: =ROUND((F94*G94),0) -> 1713
C95: EQU012 | D95: Vibrocompactador manual | E95: Día | F95: 1 | G95: 40507.261 | H95: =1/8 -> 0.125 | I95: =ROUND((F95*G95*H95),0) -> 5063
B96: ENSAYOS | C96: ESY002 | D96: Toma de densidades | E96: Un | F96: =1/40 -> 0.025 | G96: 130574.61 | H96: 0 | I96: =ROUND((F96*G96),0) -> 3264
B97: 2-05-10 | D97: Sello de junta para pavimento | E97: M | G97: =ROUND(SUM(I98:I101),0) -> 5519
B98: MATERIALES | C98: MAT,505 | D98: =+VLOOKUP(C98,BD!$A$29:$E$877,2,0) -> Masilla elástica sellante tubo x 330 ml | E98: un | F98: 0.045 | G98: =VLOOKUP(C98,BD!$A$29:$E$877,5,0) -> 42655.55 | H98: 1.05 | I98: =ROUND((F98*G98*H98),0) -> 2015
C99: MAT,355 | D99: =+VLOOKUP(C99,BD!$A$29:$E$877,2,0) -> Sikarod 6 -10 mm de diametro | E99: Un | F99: 1 | G99: =BD!E31 -> 1605 | H99: 1.05 | I99: =ROUND((F99*G99*H99),0) -> 1685
B100: M . O | C100: MOB004 | D100: Ayudante práctico (jornal + prestaciones) | E100: Día | F100: 1 | G100: =+VLOOKUP(D100,MO!$B$33:$F$79,5,0) -> 82680 | H100: =1/50 -> 0.02 | I100: =ROUND((F100*G100*H100),0) -> 1654
B101: EQUIPO | C101: EQU002 | D101: Herramienta menor (% mano obra) | E101: %MO | F101: 0.1 | G101: =I100 -> 1654 | H101: 0 | I101: =ROUND((F101*G101),0) -> 165
B102: 2-05-09 | D102: Pavimento en concreto MR = 4,1 Mpa premezclado, e = 0.2 m, incluye refuerzo, corte con disco y sello de juntas | E102: M2 | G102: =ROUND(SUM(I103:I115),0) -> 142819
B103: MATERIALES | C103: MAT,039 | D103: =+VLOOKUP(C103,BD!$A$29:$E$877,2,0) -> Antisol blanco | E103: Kg | F103: =1/5 -> 0.2 | G103: =VLOOKUP(C103,BD!$A$29:$E$877,5,0) -> 5174.52 | H103: 1.03 | I103: =ROUND((F103*G103*H103),0) -> 1066
C104: MAT,238 | D104: =+VLOOKUP(C104,BD!$A$29:$E$877,2,0) -> Fondo de junta de polietileno Φ = 3/8" | E104: M | F104: 1 | G104: =VLOOKUP(C104,BD!$A$29:$E$877,5,0) -> 1173.79 | H104: 0 | I104: =ROUND((F104*G104),0) -> 1174
C105: MAT,501 | D105: =+VLOOKUP(C105,BD!$A$29:$E$877,2,0) -> Concreto premezclado de 27,6 Mpa o MR 4,1 Mpa para pavimento | E105: M3 | F105: 0.2 | G105: =VLOOKUP(C105,BD!$A$29:$E$877,5,0) -> 460100 | H105: 1.05 | I105: =ROUND((F105*G105*H105),0) -> 96621
...

Sheet AU
C1: =+Presupuesto_OFICIAL!D2 -> OPTIMIZACIÓN DE LAS REDES DE ACUEDUCTO Y ALCANTARILLADO UBICADOS EN LA CALLE 6 ENTRE CARRERAS 9 Y 11 - MUNICIPIO DE SANTUARIO RISARALDA
B3: ANALISIS DE AU | C3: AU (calculado): | D3: =E54 -> 0.41986992
C4: DIRECTO: | D4: =+Presupuesto_OFICIAL!G85 -> 660839384
C5: PRESUP TOTAL: | D5: =+Presupuesto_OFICIAL!G87 -> 938305961
C6: PLAZO (meses): | D6: 4
B8: PERSONAL (Factor Prestacional) | C8: SUELDO MES | D8: DEDICACION MES | E8: No. MESES | F8: VR. PARCIAL
B9: Director de Obra | C9: 4500000 | D9: 0.3 | E9: =D$6 -> 4 | F9: =ROUND(C9*D9*E9,0) -> 5400000
B10: Residente de Obra | C10: 4000000 | D10: 1 | E10: =D$6 -> 4 | F10: =ROUND(C10*D10*E10,0) -> 16000000
B11: Maestro de obra | C11: 3500000 | D11: 1 | E11: =D$6 -> 4 | F11: =ROUND(C11*D11*E11,0) -> 14000000
C13: FACTOR PRESTACIONAL (Salario > 2 SMMLV) | E13: =+MO!D30 -> 0.6084 | F13: =+E13*(SUM(F9:F11)) -> 21537360
B15: Total Personal (Factor Prestacional) | F15: =SUM(F9:F13) -> 56937360
B17: PERSONAL | C17: SUELDO MES | D17: DEDICACION MES | E17: No. MESES | F17: VR. PARCIAL
B18: Asesor Seguridad industrial salud ocupacional | C18: 3500000 | D18: 1 | E18: =D$6 -> 4 | F18: =ROUND(C18*D18*E18,0) -> 14000000
B19: Asesor en Trabajo Social | C19: 3500000 | D19: 0.5 | E19: =D$6 -> 4 | F19: =ROUND(C19*D19*E19,0) -> 7000000
B20: Asesor ambiental | C20: 3500000 | D20: 0.3 | E20: =D$6 -> 4 | F20: =ROUND(C20*D20*E20,0) -> 4200000
B22: Total Personal | F22: =SUM(F18:F20) -> 25200000
B24: POLIZAS | C24: Porcentaje | D24: Base de Liquidacion | E24: % costo poliza | F24: COSTO POLIZA
B25: Póliza cumplimiento del contrato | C25: 0.2 | D25: =ROUND(C25*$D$5,0) -> 187661192 | E25: 0.00748 | F25: =+ROUND(E25*D25,0) -> 1403706
B26: Póliza salarios, prestaciones sociales, e indemnizaciones laborales | C26: 0.1 | D26: =ROUND(C26*$D$5,0) -> 93830596 | E26: 0.00748 | F26: =+ROUND(E26*D26,0) -> 701853
B27: Póliza de buen manejo de anticipo | C27: 1 | D27: =ROUND(C27*$D$5,0) -> 938305961 | E27: 0.00748 | F27: =+ROUND(E27*D27,0) -> 7018529
B28: Poliza de responsabilidad civil extra contractual | C28: 0.35 | D28: =ROUND(C28*$D$5,0) -> 328407086 | E28: 0.0037 | F28: =+ROUND(E28*D28,0) -> 1215106
B29: Póliza de estabilidad de la obra | C29: 0.3 | D29: =ROUND(C29*$D$5,0) -> 281491788 | E29: 0.00748 | F29: =+ROUND(E29*D29,0) -> 2105559
B30: Poliza de la calidad de los elementos | C30: 0.2 | D30: =ROUND(C30*$D$5,0) -> 187661192 | E30: 0.00748 | F30: =+ROUND(E30*D30,0) -> 1403706
B32: Subtotal Polizas | F32: =SUM(F25:F30) -> 13848459
B34: IMPUESTOS | C34: VALOR | D34: CANTIDAD | F34: V/r PARCIAL
B35: Contribucion Especial (solo obra) | C35: =$D$5 -> 938305961 | D35: 0.05 | F35: =ROUND(C35*D35,0) -> 46915298
B36: Industria y comercio | C36: =$D$5 -> 938305961 | D36: 0.0008 | F36: =ROUND(C36*D36,0) -> 750645
B37: Estampilla Pro Hospital | C37: =$D$5 -> 938305961 | D37: 0.02 | F37: =ROUND(C37*D37,0) -> 18766119
B38: Estampilla Prodesarrollo | C38: =$D$5 -> 938305961 | D38: 0.02 | F38: =ROUND(C38*D38,0) -> 18766119
B39: Bienestar del anciano | C39: =$D$5 -> 938305961 | D39: 0.03 | F39: =ROUND(C39*D39,0) -> 28149179
B40: Estampilla Pro Deporte | C40: =+C39 -> 938305961 | D40: 0.025 | F40: =ROUND(C40*D40,0) -> 23457649
B41: Prouniversidad | C41: =$D$5 -> 938305961 | D41: 0.01 | F41: =ROUND(C41*D41,0) -> 9383060
B43: Subtotal Impuestos | F43: =SUM(F35:F41) -> 146188069
B45: OTROS GASTOS | C45: UNIDAD | D45: CANTIDAD | E45: VR. UNITARIO | F45: VR. PARCIAL
B46: Valla de identificación de obra, colocada en cerchas metálica, incluye mantenimiento durante la construcción | C46: m2 | D46: 6 | E46: 100120 | F46: =ROUND(D46*E46,0) -> 600720
B47: Fotocopias, Ploteos y Reproducciones | C47: Glb | D47: 1 | E47: 250000 | F47: =ROUND(D47*E47,0) -> 250000
B48: Oficina | C48: mes | D48: =+D6 -> 4 | E48: 350000 | F48: =+D48*E48 -> 1400000
B50: Subtotal Otros Gastos | F50: =SUM(F46:F48) -> 2250720
B52: VALOR TOTAL ADMINISTRACION | E52: =+F52/D4 -> 0.36986992 | F52: =SUM(F15+F22+F32+F43+F50) -> 244424608 | H52: 244427996 | I52: 660839384 | J52: =+ROUND(H52/I52,0) -> 0
B53: VALOR UTILIDAD | E53: 0.05 | F53: =ROUND(D4*E53,0) -> 33041969
B54: AU CALCULADO (Excluye IVA) | E54: =SUM(E52:E53) -> 0.41986992 | F54: =+F52+F53 -> 277466577 | H54: 277469966 | I54: 277486457 | J54: 0.4199
B59: Proyectó:
B60: ARLEX DAVID CASTRILLON LONDOÑO | D60: ANA MARIA ARCILA RAMIREZ
B61: Ingeniero Civil | D61: Directora Area Técnica
B62: Aguas y Aseo de Risaralda S.A. E.S.P. | D62: Aguas y Aseo de Risaralda S.A. E.S.P.

Sheet Interventoria
C1: INTERVENTORIA TÉCNICA, ADMINISTRATIVA Y FINANCIERA A LA OPTIMIZACIÓN DE LAS REDES DE ACUEDUCTO Y ALCANTARILLADO UBICADOS EN LA CALLE 6 ENTRE CARRERAS 9 Y 11 - MUNICIPIO DE SANTUARIO RISARALDA
B3: PRESUPUESTO INTERVENTORÍA | C3: =+F27 -> 126526750
B4: PLAZO (MESES) | C4: 4.5
B6: PERSONAL DE PLANILLA (CON VINCULACION) | C6: SUELDO (MES) | D6: DEDICACION (MES) | E6: N° MESES | F6: Vr PARCIAL
B7: Director de Interventoria | C7: 3500000 | D7: 0.3 | E7: =+$C$4 -> 4.5 | F7: =+E7*D7*C7 -> 4725000
B8: Residente de Interventoria | C8: 3500000 | D8: 1 | E8: =+$C$4 -> 4.5 | F8: =+E8*D8*C8 -> 15750000
B9: Inspector de Obra | C9: 3500000 | D9: 1 | E9: 4 | F9: =+E9*D9*C9 -> 14000000
B10: Sub Total - Personal Profesional | F10: =SUM(F7:F9) -> 34475000
B11: Factor Multiplicador | F11: 2.5
B13: Total Personal de Planilla | F13: =+F10*F11 -> 86187500
B15: PERSONAL DE APOYO (PRESTACION DE SERVICIOS) | C15: SUELDO (MES) | D15: DEDICACION (MES) | E15: N° MESES | F15: Vr PARCIAL
B16: Asesor Seguridad industrial salud ocupacional | C16: 3000000 | D16: 0.3 | E16: 4 | F16: =+C16*D16*E16 -> 3600000
B17: Asesor en trabajo social | C17: 3000000 | D17: 0.3 | E17: =+$C$4 -> 4.5 | F17: =+C17*D17*E17 -> 4050000
B18: Asesor ambiental | C18: 3000000 | D18: 0.3 | E18: 4 | F18: =+C18*D18*E18 -> 3600000
B19: Sub Total - Personal Profesional | F19: =SUM(F16:F18) -> 11250000
B20: Factor Multiplicador | F20: 1.79
B22: Total Personal de Planilla | F22: =+F19*F20 -> 20137500
B25: COSTOS DIRECTOS | F25: =+F13+F22 -> 106325000
B26: IVA (19%) | F26: =+F25*0.19 -> 20201750
B27: PRESUPUESTO TOTAL DE INTERVENTORIA | E27: =+F27/Presupuesto_OFICIAL!G87 -> 0.13484594 | F27: =+F25+F26 -> 126526750 | H27: Ciento Veintiséis Millones Quinientos veintiséis mil setecientos cincuenta Pesos MCTE
B34: Proyectó:
B35: ARLEX DAVID CASTRILLON LONDOÑO | E35: ANA MARIA ARCILA RAMIREZ
B36: Ingeniero Civil | E36: Directora Area Técnica
B37: Aguas y Aseo de Risaralda S.A. E.S.P. | E37: Aguas y Aseo de Risaralda S.A. E.S.P.

Sheet F.M. INTERV
B2: FACTOR MULTIPLICADOR PARA PERSONAL PROFESIONAL, ADMINISTRATIVO Y TÉCNICA
B4: No. | C4: CONCEPTO | D4: FORMULA | E4: PORCENTAJE
B6: A | C6: VALOR BASE | D6: SALARIO | E6: 1
B8: B | C8: PRESTACIONES SOCIALES | E8: =ROUND(SUM(E9:E22),4) -> 0.7084
B9: a | C9: Cesantías | D9: A/12 | E9: 0.0833
B10: b | C10: Intereses sobre Cesantías | D10: a*12% | E10: 0.01
B11: c | C11: Vacaciones | D11: (15/360*100) | E11: 0.0472
B12: d | C12: Prima Anual | D12: A/12 | E12: 0.0833
B13: e | C13: Dotación | D13: %A | E13: 0.06
B14: f | C14: Aporte Pensión | D14: %A | E14: 0.12
B15: g | C15: Aporte Salud | D15: %A | E15: 0.085
B16: h | C16: Aporte Riesgos Profesionales | D16: %A | E16: 0.0696
B17: i | C17: Aportes FIC | D17: %A | E17: 0
B18: j | C18: Comfamiliar | D18: %A | E18: 0.04
B19: k | C19: ICBF | D19: %A | E19: 0.02
B20: l | C20: SENA | D20: %A | E20: 0.03
... B22: n | C22: Examenes medicos de ingreso y egreso | D22: %A | E22: 0.01
B24: C | C24: SUMA PARCIAL | D24: A + B | E24: =+E6+E8 -> 1.7084
B26: D | C26: COSTOS INDIRECTOS | E26: =ROUND(SUM(E27:E34),4) -> 0.1528
C27: Perfeccionamiento del Contrato | D27: %A | E27: 0.032
C28: Estampilla Prohospital | D28: %A | E28: 0.02
C29: Estampilla Prodesarrollo | D29: %A | E29: 0.02
C30: Estampilla Proadulto mayor | D30: %A | E30: 0.03
C31: Estampilla Prodeporte | D31: %A | E31: 0.025
C32: Estampilla Prouniversidad | D32: %A | E32: 0.01
C33: Industria y Comercio | D33: %A | E33: 0.008
C34: Polizas | D34: %A | E34: 0.0078
B36: E | C36: COSTOS DIRECTOS | E36: =SUM(E37:E44) -> 0.41
C37: Arriendo Oficina y Servicios Públicos | D37: %A | E37: 0.1
C38: Papeleria Oficina Consultor | D38: %A | E38: 0.02
C39: Personal Administrativo No Facturable | D39: %A | E39: 0.025
C40: Asesoria Legal, Tributaria y Médica | D40: %A | E40: 0.035
C41: Gastos de Representación | D41: %A | E41: 0.01
C42: Gastos e Intereses Bancarios por Financiación | D42: %A | E42: 0.05
C43: Equipos y Mantenimiento de Oficina | D43: %A | E43: 0.02
C44: Gastos de Transporte y Vehículo | D44: %A | E44: 0.15
B47: F | C47: SUBTOTAL | D47: C + D + E | E47: =+E24+E26+E36 -> 2.2712
B49: G | C49: HONORARIOS (UTILIDAD DEL CONSULTOR) | D49: E * 10% | E49: =ROUND(10%*E47,4) -> 0.2271
B51: H | C51: TOTAL FACTOR MULTIPLICADOR | D51: E + F | E51: =+ROUND(E47+E49,2) -> 2.5

Sheet MO
B2: Análisis Mano de Obra Gobernación de Risaralda
B5: ANÁLISIS MANO DE OBRA
B6: Salario Mínimo Mensual Legal Vigente año 2021 | C6: 908526
B7: Subsidio de Transporte (salario <= 2 SMMLV) | C7: 106454
B9: FACTOR PRESTACIONAL
B10: DESCRIPCIÓN | C10: SALARIO <= 2 SMMLV | D10: SALARIO > 2 SMMLV | E10: SALARIO <= 2 SMMLV
C11: PERSONAL TÉCNICO, OPERATIVO Riesgo Clase V | D11: PERSONAL TÉCNICO, OPERATIVO Riesgo Clase V | E11: PERSONAL TÉCNICO, OPERATIVO Riesgo Clase II
B12: PRESTACIONES SOCIALES
B13: Cesantías | C13: 0.0833 | D13: 0.0833 | E13: 0.0833
B14: Intereses cesantías | C14: 0.01 | D14: 0.01 | E14: 0.01
B15: Vacaciones | C15: 0.0472 | D15: 0.0472 | E15: 0.0472
B16: Prima | C16: 0.0833 | D16: 0.0833 | E16: 0.0833
B17: Dotación | C17: 0.08 | D17: 0.06 | E17: 0.06
B18: SEGURIDAD SOCIAL
B19: Aportes régimen general de pensiones (I.V.M) | C19: 0.12 | D19: 0.12 | E19: 0.12
B20: Aporte riesgos profesionales A.R.P. | C20: 0.0696 | D20: 0.0696 | E20: 0.01
B21: Aportes régimen contributivo de salud
B22: Certificado trabajo seguro en alturas | C22: 0.01 | D22: 0.01 | E22: 0.01
B23: OTROS APORTES
B24: Aportes FIC | C24: 0.025 | D24: 0.025 | E24: 0.025
B25: I.C.B.F.
B26: Comfamiliar | C26: 0.04 | D26: 0.04 | E26: 0.04
B27: Subsidio de transporte | C27: =C7/C6 -> 0.11717221
B28: Dias festivos (18 al año) | C28: 0.05 | D28: 0.05 | E28: 0.05
B29: Examenes medicos de ingreso y egreso | C29: 0.01 | D29: 0.01 | E29: 0.01
C30: =SUM(C12:C29) -> 0.74557221 | D30: =SUM(D12:D29) -> 0.6084 | E30: =SUM(E12:E29) -> 0.5488
B32: NOMBRE | C32: SALARIO MENSUAL | D32: PRESTACIONES Y APORTES | E32: SALARIO + PRESTACIONES | F32: SALARIO DIA
B33: Ayudante (jornal + prestaciones) | C33: =C6+C7 -> 1014980 | D33: =ROUND((C33*$C$30),0) -> 756741 | E33: =C33+D33 -> 1771721 | F33: =ROUND((E33/30),0) -> 59057
B34: Ayudante práctico (jornal + prestaciones) | C34: =C33*1.4 -> 1420972 | D34: =ROUND((C34*$C$30),0) -> 1059437 | E34: =C34+D34 -> 2480409 | F34: =ROUND((E34/30),0) -> 82680
B35: Oficial (jornal + prestaciones) | C35: =C33*1.8 -> 1826964 | D35: =ROUND((C35*$C$30),0) -> 1362134 | E35: =C35+D35 -> 3189098 | F35: =ROUND((E35/30),0) -> 106303
B36: Cadenero 1 | C36: =C33*1.5 -> 1522470 | D36: =ROUND((C36*$C$30),0) -> 1135111 | E36: =C36+D36 -> 2657581 | F36: =ROUND((E36/30),0) -> 88586
B37: Cadenero 2 | C37: =C33 -> 1014980 | D37: =ROUND((C37*$C$30),0) -> 756741 | E37: =C37+D37 -> 1771721 | F37: =ROUND((E37/30),0) -> 59057
B38: Liniero cat 1 | C38: =C33*2.8 -> 2841944 | D38: =ROUND((C38*D30),0) -> 1729039 | E38: =C38+D38 -> 4570983 | F38: =ROUND((E38/30),0) -> 152366
B39: Liniero cat 2 | C39: =C33*1.8 -> 1826964 | D39: =ROUND((C39*$C$30),0) -> 1362134 | E39: =C39+D39 -> 3189098 | F39: =ROUND((E39/30),0) -> 106303
B40: Maestro de obra | C40: =C33*2.5 -> 2537450 | D40: =ROUND((C40*$C$30),0) -> 1891852 | E40: =C40+D40 -> 4429302 | F40: =ROUND((E40/30),0) -> 147643
B41: Minero | C41: =C33*2.5 -> 2537450 | D41: =ROUND((C41*$C$30),0) -> 1891852 | E41: =C41+D41 -> 4429302 | F41: =ROUND((E41/30),0) -> 147643
B42: Oficial eléctrico | C42: =C33*2 -> 2029960 | D42: =ROUND((C42*$C$30),0) -> 1513482 | E42: =C42+D42 -> 3543442 | F42: =ROUND((E42/30),0) -> 118115
B43: Oficial pintor | C43: =C33*1.6 -> 1623968 | D43: =ROUND((C43*$C$30),0) -> 1210785 | E43: =C43+D43 -> 2834753 | F43: =ROUND((E43/30),0) -> 94492
B44: Operador de maquinaria | C44: =C33*1.8 -> 1826964 | D44: =ROUND((C44*$C$30),0) -> 1362134 | E44: =C44+D44 -> 3189098 | F44: =ROUND((E44/30),0) -> 106303
B45: Soldador | C45: =C33*1.8 -> 1826964 | D45: =ROUND((C45*$C$30),0) -> 1362134 | E45: =C45+D45 -> 3189098 | F45: =ROUND((E45/30),0) -> 106303
B46: Topógrafo | C46: =C33*3.5 -> 3552430 | D46: =ROUND((C46*$D$30),0) -> 2161298 | E46: =C46+D46 -> 5713728 | F46: =ROUND((E46/30),0) -> 190458
B47: Profesional en salud ocupacional | C47: =C33*2.8 -> 2841944 | D47: =ROUND((C47*$D$30),0) -> 1729039 | E47: =C47+D47 -> 4570983 | F47: =ROUND((E47/30),0) -> 152366
B48: Ayudante eléctrico | C48: =C33*1.6 -> 1623968 | D48: =ROUND((C48*$D$30),0) -> 988022 | E48: =C48+D48 -> 2611990 | F48: =ROUND((E48/30),0) -> 87066
B49: Cuadrilla E 1 Of + 1 Ay (jornal + prestaciones) | F49: =F35+F33 -> 165360
B50: Cuadrilla G 1 Of + 2 Ay (jornal + prestaciones) | F50: =F35+(2*F33) -> 224417
B51: Cuadrilla A 1 Of + 4 Ay (jornal + prestaciones) | F51: =F35+(4*F33) -> 342531
B52: Cuadrilla B 1 Min + 2 Ay (jornal + prestaciones) | F52: =F41+(2*F34) -> 313003
B53: Comisión topografía (topógrafo + Cadenero 1 + 2 Cadeneros 2) | F53: =F46+F36+(2*F37) -> 397158
B54: Cuadrilla C 1 Of + 7 Ay (jornal + prestaciones) | F54: =$F$35+(7*$F$33) -> 519702
B55: Cuadrilla D 2 Of + 4 Ay (jornal + prestaciones) | F55: =(2*F35)+(4*F33) -> 448834
B56: Cuadrilla F 6 Of + 4 Ay (jornal + prestaciones) | F56: =(6*F35)+(4*F33) -> 874046
B57: Cuadrilla H 4 Ay (jornal + prestaciones) | F57: =4*F33 -> 236228
B58: Cuadrilla J (1 Of eléctrico+1Ay eléctrico) (jornal + prestaciones) | F58: =F42+F48 -> 205181
B59: Cuadrilla K (1Of eléctrico+2Ay eléctricos) (jornal + prestaciones) | F59: =F42+(2*F48) -> 292247
B60: Cuadrilla S (1Sold.+1Ay práctico) (jornal + prestaciones) | F60: =F45+F34 -> 188983
B61: Cuadrilla L 2 Of + 8 Ay (jornal + prestaciones) | F61: =F35*2+F33*8 -> 685062
B62: Cuadrilla M 1 Of + 3 Ay (jornal + prestaciones) | F62: =F46+(3*F44) -> 509367

Sheet BD
A2: Base de Datos Gobernación de Risaralda
A4: MANO DE OBRA
A5: CÓDIGO | B5: DESCRIPCIÓN | C5: UNIDAD | D5: CANTIDAD | E5: VALOR UNITARIO 2020
A6: MOB002 | B6: Oficial (jornal + prestaciones) | C6: Día | D6: 1 | E6: =MO!F35 -> 106303
A7: MOB003 | B7: Ayudante (jornal + prestaciones) | C7: Día | D7: 1 | E7: =MO!F33 -> 59057
A8: MOB004 | B8: Ayudante práctico (jornal + prestaciones) | C8: Día | D8: 1 | E8: =MO!F34 -> 82680
A9: MOB005 | B9: Cuadrilla A 1 Of + 4 Ay (jornal + prestaciones) | C9: Día | D9: 1 | E9: =MO!F51 -> 342531
A10: MOB006 | B10: Cuadrilla B 1 Min + 2 Ay (jornal + prestaciones) | C10: Día | D10: 1 | E10: =MO!F52 -> 313003
A11: MOB007 | B11: Oficial eléctrico (jornal + prestaciones) | C11: Día | D11: 1 | E11: =MO!F42 -> 118115
A12: MOB008 | B12: Cuadrilla S (1Sold.+1Ay práctico) (jornal + prestaciones) | C12: Día | D12: 1 | E12: =MO!F60 -> 188983
A13: MOB010 | B13: Comisión topografía (topógrafo + Cadenero 1 + 2 Cadeneros 2) | C13: Día | D13: 1 | E13: =MO!F53 -> 397158
A14: MOB011 | B14: Acarreo Horizontal | C14: % MO | D14: % | E14: 0
A15: MOB012 | B15: Profesional en salud ocupacional | C15: Mes | D15: 1 | E15: =+MO!E47 -> 4570983
A16: MOB013 | B16: Cuadrilla C 1 Of + 7 Ay (jornal + prestaciones) | C16: Día | D16: 1 | E16: =MO!F54 -> 519702
A17: MOB014 | B17: Cuadrilla D 2 Of + 4 Ay (jornal + prestaciones) | C17: Día | D17: 1 | E17: =MO!F55 -> 448834
A18: MOB015 | B18: Cuadrilla E 1 Of + 1 Ay (jornal + prestaciones) | C18: Día | D18: 1 | E18: =MO!F49 -> 165360
A19: MOB016 | B19: Cuadrilla F 6 Of + 4 Ay (jornal + prestaciones) | C19: Día | D19: 1 | E19: =MO!F56 -> 874046
A20: MOB017 | B20: Cuadrilla G 1 Of + 2 Ay (jornal + prestaciones) | C20: Día | D20: 1 | E20: =MO!F50 -> 224417
A21: MOB018 | B21: Cuadrilla H 4 Ay (jornal + prestaciones) | C21: Día | D21: 1 | E21: =MO!F57 -> 236228
A22: MOB019 | B22: Ayudante eléctrico (jornal + prestaciones) | C22: Día | D22: 1 | E22: =+MO!F48 -> 87066
A23: MOB020 | B23: Cuadrilla J (1 Of eléctrico+1Ay eléctrico) (jornal + prestaciones) | C23: Día | D23: 1 | E23: =MO!F58 -> 205181
A24: MOB021 | B24: Cuadrilla K (1Of eléctrico+2Ay eléctricos) (jornal + prestaciones) | C24: Día | D24: 1 | E24: =MO!F59 -> 292247
A25: MOB022 | B25: Cuadrilla L 2 Of + 8 Ay (jornal + prestaciones) | C25: Día | D25: 1 | E25: =MO!F61 -> 685062
A26: MATERIALES
A28: CÓDIGO | B28: DESCRIPCIÓN | C28: UNIDAD | D28: CANTIDAD | E28: VALOR UNITARIO 2020 | F28: VALOR UNITARIO 2019
E29: 0.07
A30: MAT,068 | B30: Cemento gris saco por 50 kilos, incluye cargue, descargue y transporte | C30: Sc | D30: 1 | E30: =+F30*(1+$E$29) -> 24610 | F30: 23000
A31: MAT,001 | B31: Accesorios CPVC 1/2" promedio | C31: %Tub | D31: - | E31: =+F31*(1+$E$29) -> 1605 | F31: 1500
A32: MAT,002 | B32: Accesorios para fijación de canal tipo metálico | C32: Un | D32: 1 | E32: =+F32*(1+$E$29) -> 7490 | F32: 7000
A33: MAT,003 | B33: Accesorios PVC agua lluvia (% tubería) | C33: %Tub | D33: - | E33: =+F33*(1+$E$29) -> 0 | F33: 0
A34: MAT,004 | B34: Accesorios PVC presión | C34: %Tub | D34: - | E34: =+F34*(1+$E$29) -> 1284 | F34: 1200
A35: MAT,540 | B35: Accesorios PVC sanitaria (% tubería) | C35: %Tub | D35: - | E35: =+F35*(1+$E$29) -> 0 | F35: 0
A36: MAT,005 | B36: Accesorios PVC sanitaria 2" promedio | C36: Un | D36: 1 | E36: =+F36*(1+$E$29) -> 5885 | F36: 5500
A37: MAT,006 | B37: Accesorios PVC sanitaria 3" promedio | C37: Un | D37: 1 | E37: =+F37*(1+$E$29) -> 11235 | F37: 10500
A38: MAT,007 | B38: Accesorios PVC sanitaria 4" promedio | C38: Un | D38: 1 | E38: =+F38*(1+$E$29) -> 16050 | F38: 15000
A39: MAT,008 | B39: Accesorios y empaques canal PVC promedio de: U y soporte | C39: Un | D39: 1 | E39: =+F39*(1+$E$29) -> 37450 | F39: 35000
A40: MAT,009 | B40: Acelerante de fraguado y resistencia para concretos y morteros. | C40: Kg | D40: 1 | E40: =+F40*(1+$E$29) -> 14487.8 | F40: 13540
A41: MAT,010 | B41: Acero de Fy = 37.000 psi d=1/4 puesto en obra | C41: Kg | D41: 1 | E41: =+F41*(1+$E$29) -> 3210 | F41: 3000
A42: MAT,011 | B42: Acero de Fy = 60.000 psi d>1/4 puesto en obra | C42: Kg | D42: 1 | E42: =+F42*(1+$E$29) -> 5182.5147 | F42: 4843.4717
A43: MAT,534 | B43: Acople flexible | C43: Un | D43: 1 | E43: =+F43*(1+$E$29) -> 23058.5 | F43: 21550
A44: MAT,012 | B44: ACPM | C44: Gl | D44: 1 | E44: =+F44*(1+$E$29) -> 9547.61 | F44: 8923
A45: MAT,013 | B45: Acrílico lámpara fluorescente de 0.60 x 1.20 m | C45: Un | D45: 1 | E45: =+F45*(1+$E$29) -> 67517 | F45: 63100
A46: MAT,014 | B46: Adaptador bajante PVC agua lluvia cuadrada 3 x 3 | C46: Un | D46: 1 | E46: =+F46*(1+$E$29) -> 6982.82 | F46: 6526
A47: MAT,015 | B47: Adaptador macho PF + UAD 1/2" | C47: Un | D47: 1 | E47: =+F47*(1+$E$29) -> 2889 | F47: 2700
... A377: MAT,285 | B377: Pasamanos sencillo: en tubería de 11/2" y 3/4" los pasos, Altura 1.90 m , anclado en concreto, Incluye anticorrosivo y pintura en esmalte para esteriores. | C377: Un | D377: 1 | E377: =+F377*(1+$E$29) -> 1337500 | F377: 1250000
A378: MAT,286 | B378: Perfil aluminio anoloc T L = 6 m | C378: Un | E378: =+F378*(1+$E$29) -> 10593 | F378: 9900
A379: MAT,287 | B379: Perfil aluminio blanco ángulo L = 6 m | C379: Un | D379: 1 | E379: =+F379*(1+$E$29) -> 10593 | F379: 9900
A380: MAT,288 | B380: Perfil aluminio blanco T L = 6 m | C380: Un | D380: 1 | E380: =+F380*(1+$E$29) -> 11984 | F380: 11200
A381: MAT,289 | B381: Perfil aluminio natural ángulo L = 6 m | C381: Un | D381: 1 | E381: =+F381*(1+$E$29) -> 10700 | F381: 10000
A382: MAT,290 | B382: Perfil aluminio natural T L = 6 m | C382: Un | D382: 1 | E382: =+F382*(1+$E$29) -> 10700 | F382: 10000
A383: MAT,291 | B383: Perfil aluminio sencillo D17 | C383: M | D383: 1 | E383: =+F383*(1+$E$29) -> 1070 | F383: 1000
A384: MAT,292 | B384: Perfil alumino anoloc ángulo L = 6 m | C384: Un | D384: 1 | E384: =+F384*(1+$E$29) -> 12840 | F384: 12000
A385: MAT,293 | B385: Perfil e = 1,5 mm 90 x 130 mm | C385: Ml | D385: 1 | E385: =+F385*(1+$E$29) -> 7704 | F385: 7200
A386: MAT,652 | B386: Pegante papel colgadura | C386: Un | D386: 1 | E386: =+F386*(1+$E$29) -> 21293 | F386: 19900
A387: MAT,294 | B387: Perlín promedio (0,12 x 0,6 C 16) | C387: M | D387: 1 | E387: =+F387*(1+$E$29) -> 14124 | F387: 13200
A388: MAT,295 | B388: Pica con cabo | C388: Un | D388: 1 | E388: =+F388*(1+$E$29) -> 39646.71 | F388: 37053
A389: MAT,296 | B389: Piedra media zonga | C389: M3 | D389: 1 | E389: =+F389*(1+$E$29) -> 80250 | F389: 75000
A390: MAT,297 | B390: Pintura acrilica para trafico | C390: Gl | D390: 1 | E390: =+F390*(1+$E$29) -> 93839 | F390: 87700
... A603: MAT,489 | B603: Ventanería en ángulo de 1" x 1/8", incluye anticorrosivo | C603: M2 | D603: 1 | E603: =+F603*(1+$E$29) -> 103255 | F603: 96500
A604: MAT,529 | B604: Ventana 1.2x1.5mt Aluminio Int Negro Corrediza XO/O Vidrio 6mm Alumina | C604: m2 | E604: =+F604*(1+$E$29) -> 294785 | F604: 275500
A605: MAT,490 | B605: Ventanería metálica en lámina C 20 de seguridad, incluye anticorrosivo | C605: M2 | D605: 1 | E605: =+F605*(1+$E$29) -> 132252 | F605: 123600
A606: MAT,491 | B606: Ventanería metálica en lámina C 20, incluye anticorrosivo | C606: M2 | D606: 1 | E606: =+F606*(1+$E$29) -> 118235 | F606: 110500
A607: MAT,492 | B607: Vidrio de 4 mm esmerilado | C607: M2 | D607: 1 | E607: =+F607*(1+$E$29) -> 40660 | F607: 38000
A608: MAT,493 | B608: Vidrio de 4 mm transparente | C608: M2 | D608: 1 | E608: =+F608*(1+$E$29) -> 35952 | F608: 33600
A609: MAT,494 | B609: Vigueta principal en 2,4 | C609: Un | D609: 1 | E609: =+F609*(1+$E$29) -> 3210 | F609: 3000
A610: MAT,495 | B610: Yeso | C610: Kg | D610: 1 | E610: =+F610*(1+$E$29) -> 1365.32 | F610: 1276
A611: MAT,565 | B611: Bentonita | C611: Kg | D611: 1 | E611: =+F611*(1+$E$29) -> 6420 | F611: 6000
A612: MAT,566 | B612: Anfo | C612: Kg | D612: 1 | E612: =+F612*(1+$E$29) -> 6420 | F612: 6000
A613: MAT,567 | B613: Mecha lenta | C613: m | D613: 1 | E613: =+F613*(1+$E$29) -> 1070 | F613: 1000
A614: MAT,568 | B614: Calfos (Fertilizante uso agricola) | C614: kG | D614: 1 | E614: =+F614*(1+$E$29) -> 1926 | F614: 1800
A615: MAT,569 | B615: Válvula de compuerta Ø=3" J.H. E.L. | C615: Un | E615: =+F615*(1+$E$29) -> 620600 | F615: 580000
A616: MAT,570 | B616: Tapa válvula tipo común 21 x 21 cm | C616: Un | E616: =+F616*(1+$E$29) -> 78110 | F616: 73000
A617: MAT,571 | B617: Codo en HD Ø= 3" x 90° J.H o E.L | C617: Un | E617: =+F617*(1+$E$29) -> 149800 | F617: 140000
A618: MAT,572 | B618: Tee en HD Ø= 3" x 3" J.H o E.L | C618: Un | E618: =+F618*(1+$E$29) -> 235400 | F618: 220000
A619: MAT,573 | B619: Unión universal en HD R1 Ø=3" | C619: Un | E619: =+F619*(1+$E$29) -> 139100 | F619: 130000
A620: MAT,574 | B620: Jabon liquido antibacterial | C620: Lt | E620: =+F620*(1+$E$29) -> 12840 | F620: 12000
A621: MAT,575 | B621: Gel antibacterial | C621: Lt | E621: =+F621*(1+$E$29) -> 12305 | F621: 11500
A622: MAT,576 | B622: Desinfectante | C622: Lt | E622: =+F622*(1+$E$29) -> 21400 | F622: 20000
A623: MAT,577 | B623: Alcohol glicerinado | C623: Gl | E623: =+F623*(1+$E$29) -> 79180 | F623: 74000
A624: MAT,578 | B624: Toallas desechables paquetes de 30*150 hojas | C624: Paquete | E624: =+F624*(1+$E$29) -> 22470 | F624: 21000
A625: MAT,579 | B625: Mezcla de hipoclorito | C625: Gl | E625: =+F625*(1+$E$29) -> 9630 | F625: 9000
A626: MAT,580 | B626: Aspersora de desinfeccion para espacios | C626: Und | E626: =+F626*(1+$E$29) -> 214000 | F626: 200000
... A638: MAT,592 | B638: Lavado y desinfeccion de areas de trabajo | C638: m2 | E638: =+F638*(1+$E$29) -> 3210 | F638: 3000
A640: EQUIPO | E640: =+F640*(1+$E$29) -> 0
E641: =+F641*(1+$E$29) -> 0
A642: EQU001 | B642: Control de agua | C642: %MO | D642: 1 | E642: =+F642*(1+$E$29) -> 0 | F642: 0
A643: EQU002 | B643: Herramienta menor | C643: %MO | D643: 1 | E643: =+F643*(1+$E$29) -> 0 | F643: 0
A644: EQU003 | B644: Concretadora gasolina 1 o 1 1/2 sacos | C644: Día | D644: 1 | E644: =+F644*(1+$E$29) -> 58850 | F644: 55000
A645: EQU004 | B645: Buldózer D65-8 | C645: Hr | D645: 1 | E645: =+F645*(1+$E$29) -> 211423.44 | F645: 197592
A646: EQU005 | B646: Compresor 185 pies3 CFM de 2 martillos, incluye 2 operarios y combustible | C646: Hr | D646: 1 | E646: =+F646*(1+$E$29) -> 77040 | F646: 72000
A647: EQU006 | B647: Andamio | C647: %MO | E647: =+F647*(1+$E$29) -> 749 | F647: 700
A648: EQU007 | B648: Taco metálico de 2 - >3 m | C648: Día | D648: 1 | E648: =+F648*(1+$E$29) -> 163.71 | F648: 153
A649: EQU008 | B649: Motoniveladora | C649: Hr | D649: 1 | E649: =+F649*(1+$E$29) -> 154900.69 | F649: 144767
A650: EQU009 | B650: Cargador 930 1,5 yd3 | C650: Hr | D650: 1 | E650: =+F650*(1+$E$29) -> 115560 | F650: 108000
A651: EQU010 | B651: Volqueta 7 m3 | C651: Hr | D651: 1 | E651: =+F651*(1+$E$29) -> 75485.29 | F651: 70547
A652: EQU011 | B652: Equipo completo de topografía | C652: Día | D652: 1 | E652: =+F652*(1+$E$29) -> 105876.5 | F652: 98950
A653: EQU012 | B653: Vibrocompactador manual | C653: Día | D653: 1 | E653: =+F653*(1+$E$29) -> 39590 | F653: 37000
A654: EQU013 | B654: Cilindro compactador vibratorio Dynapac y tractor | C654: Hr | D654: 1 | E654: =+F654*(1+$E$29) -> 85600 | F654: 80000
A655: EQU014 | B655: Guadaña | C655: Dia | D655: 1 | E655: =+F655*(1+$E$29) -> 30704.72 | F655: 28696
A656: EQU015 | B656: Pulidora sin operario | C656: Día | D656: 1 | E656: =+F656*(1+$E$29) -> 17120 | F656: 16000
...

Sheet Cantidades
A2: CARRERA 10 ENTRE CALLES 8 Y 9
A4: ALCANTARILLADO
A5: INICIO | B5: FINAL | C5: NÚMERO DE CÁMARAS | D5: LONGITUD (m) | E5: DIAMETRO (") | F5: MATERIAL | G5: RASANTE INICIAL (msnm) | H5: RASANTE FINAL (msnm) | I5: EXCAVACIÓN (m3) | J5: BATEA INICIAL (msnm) | K5: BATEA FINAL (msnm) | L5: ANCHO DE VIA (m) | M5: NÚMERO DE DOMICILIARIAS | N5: NÚMERO DE SUMIDEROS | O5: OBSERVACIONES
A6: CM-146 | B6: CM-147 | C6: 2 | D6: 45.15 | E6: 16 | F6: PVC | G6: 1589.82 | H6: 1589.83 | I6: =D6*1*AVERAGE((G6-J6),(H6-K6)) -> 65.4675 | J6: 1588.42 | K6: 1588.33 | L6: 6.1 | M6: =ROUND(30/145*D6,0) -> 9 | N6: 2
A7: CM-147 | B7: CM-148 | C7: 1 | D7: 46.6 | E7: 16 | F7: PVC | G7: =+H6 -> 1589.83 | H7: 1589.58 | I7: =D7*1*AVERAGE((G7-J7),(H7-K7)) -> 135.14 | J7: 1587.27 | K7: 1586.34 | L7: 6.5 | M7: =ROUND(30/145*D7,0) -> 10 | N7: 2
A8: CM-121 | B8: CM-148 | C8: 1 | D8: 53.49 | E8: 16 | F8: PVC | G8: =+H7 -> 1589.58 | H8: 1590.42 | I8: =D8*1*AVERAGE((G8-J8),(H8-K8)) -> 117.94545 | J8: 1589.29 | K8: 1586.3 | L8: 7 | M8: =ROUND(30/145*D8,0) -> 11 | N8: 2
A10: ACUEDUCTO | P10: Acero
A11: INICIO | B11: FINAL | C11: LONGITUD (m) | D11: DIAMETRO (") | E11: MATERIAL | F11: NÚMERO DE ACOMETIDAS | G11: VALVULAS (un) | H11: CONEXIÓN TUBERÍA EXISTENTE (un) | I11: PROFUNDIDA DE EXCAVACIÓN (m) | J11: ANDENES (m2) | K11: SARDINEL (m) | L11: PAVIMENTOS (m2) | M11: CORTE (m) | P11: Cuerpos de camara #4 | Q11: Remate exsquinas | R11: Sumideros
A12: N1 | B12: N2 | C12: =+D6+D7+D8 -> 145.24 | D12: 3 | E12: PVC | F12: =+M6+M7+M8 -> 30 | G12: 2 | H12: 2 | I12: 1 | J12: =2*C12*1.2 -> 348.576 | K12: =+C12*2 -> 290.48 | L12: =+(D6*L6)+(D7*L7)+(D8*L8) -> 952.745 | M12: =6*2 -> 12 | P12: =20*1.2*SUM(C6:C8) -> 96 | Q12: =2*7*26 -> 364 | R12: =3.5*3.5*26*SUM(N6:N8) -> 1911 | S12: =+P12+Q12+R12 -> 2371
